 Dungeon Sprint DCSS version 0.22-a0-181-gb22368a (console) character file.

60774 removed the Impassioned (level 15, -5/129 HPs)
             Began as a Gnoll Enchanter on Feb 14, 2018.
             Was a Believer of Uskayaw.
             Killed from afar by a spellforged servitor (24 damage)
             ... with a bolt of cold
             ... summoned by Frederick
             ... in the Dungeon (Sprint IX: "|||||||||||||||||||||||||||||").
             The game lasted 00:20:38 (5936 turns).

removed the Impassioned (Gnoll Enchanter)           Turns: 5936, Time: 00:20:38

Health: -5/129     AC: 22    Str: 10    XL:     15   Next: 0%
Magic:  34/34      EV: 28    Int: 22    God:    Uskayaw [**....]
Gold:   91         SH: 13    Dex: 18    Spells: 33/45 levels left

rFire    . . .     SeeInvis .   a - +6 short sword (distort)
rCold    . . .     Gourm    .   Z - +0 shield {reflect}
rNeg     . . .     Faith    .   T - +5 acid dragon scales
rPois    .         Spirit   .   s - +0 helmet
rElec    .         Reflect  +   q - +0 cloak
rCorr    +         Harm     .   D - +0 pair of gloves
MR       +....     NoTele   +   R - +1 pair of boots
Stlth    ++++++....             X - amulet of magic regeneration
HPRegen  0.31/turn              I - +5 ring of evasion
MPRegen  0.49/turn              H - +4 ring of slaying

@: berserk cooldown, slowed, very slow
A: distributed training, fangs 1, strong nose
a: Stomp, Line Pass, Renounce Religion


You were in the Dungeon.
You worshipped Uskayaw.
Uskayaw was most pleased with you.
You were not hungry.

You visited 1 branch You collected 1854 gold pieces.
You spent 1763 gold pieces at shops.

Inventory:

Hand Weapons
 a - a +6 short sword of distortion (weapon)
 r - a +1 dagger
 x - a +2 rapier of venom
 y - the +6 scythe "Agais" {venom, rElec rC- Dex+9}
   (You found it in the Dungeon)

   It poisons the flesh of those it strikes.
   It affects your dexterity (+9).
   It makes you vulnerable to cold.
   It insulates you from electricity.
 G - a +1 dagger of chaos
 L - a +1 dagger of electrocution
Missiles
 J - 6 throwing nets (quivered)
Armour
 b - a +0 robe
 q - a +0 cloak (worn)
 s - a +0 helmet (worn)
 t - a +2 ring mail
 D - a +0 pair of gloves (worn)
 E - a +0 pair of boots
 M - a +2 robe of positive energy
 R - a +1 pair of boots (worn)
 S - a +2 ring mail of cold resistance
 T - +5 acid dragon scales (worn)
 Y - a +1 crystal plate armour
 Z - a +0 shield of reflection (worn)
Magical Staves
 o - an uncursed staff of energy
Jewellery
 u - a +3 ring of dexterity
 v - a +3 ring of dexterity
 H - a +4 ring of slaying (right hand)
 I - a +5 ring of evasion (left hand)
 N - an uncursed ring of protection from cold
 O - an uncursed ring of ice
 P - an uncursed ring of fire
 Q - an uncursed ring of protection from magic
 X - an amulet of magic regeneration (around neck)
Wands
 n - a wand of acid (2)
Scrolls
 l - 4 scrolls of remove curse
 m - 3 scrolls of amnesia
 B - 2 scrolls of fear
 W - a scroll of fog
Potions
 e - 4 potions of curing
 f - 9 potions of heal wounds
 g - a potion of haste
 h - 4 potions of magic
 i - 2 potions of berserk rage
 k - 2 potions of brilliance
 F - a potion of lignification {unknown}
 U - 2 potions of mutation
Books
 c - a book of Maledictions

   Spells                             Type                      Level
   a - Corona                         Hexes                        1
   b - Ensorcelled Hibernation        Hexes/Ice                    2
   c - Confuse                        Hexes                        3
   d - Tukima's Dance                 Hexes                        3
   e - Dazzling Spray                 Conjuration/Hexes            3
Comestibles
 d - 8 rations


   Skills:
 + Level 15.0 Fighting
 + Level 15.2 Short Blades
 + Level 15.0 Long Blades
 + Level 15.0 Axes
 + Level 15.0 Maces & Flails
 + Level 15.0 Polearms
 + Level 15.0 Staves
 + Level 15.0 Slings
 + Level 15.0 Bows
 + Level 15.0 Crossbows
 + Level 15.0 Throwing
 + Level 15.0 Armour
 + Level 15.5 Dodging
 + Level 15.9 Stealth
 + Level 15.0 Shields
 + Level 15.0 Unarmed Combat
 + Level 15.6 Spellcasting
 + Level 12.9 Conjurations
 + Level 13.8 Hexes
 + Level 12.9 Charms
 + Level 12.9 Summonings
 + Level 12.9 Necromancy
 + Level 12.9 Translocations
 + Level 12.9 Transmutations
 + Level 12.9 Fire Magic
 + Level 12.9 Ice Magic
 + Level 12.9 Air Magic
 + Level 12.9 Earth Magic
 + Level 12.9 Poison Magic
 + Level 16.1 Invocations
 + Level 15.0 Evocations


You had 33 spell levels left.
You knew the following spells:

 Your Spells              Type           Power        Failure   Level  Hunger
a - Corona                Hex            ######.      0%          1    None
b - Ensorcelled Hibernat  Hex/Ice        ######       1%          2    None
c - Confuse               Hex            ######..     1%          3    None
d - Tukima's Dance        Hex            ######..     1%          3    None
e - Dazzling Spray        Conj/Hex       ######       1%          3    None


Dungeon Overview and Level Annotations

Branches:
Dungeon (1/1)

Altars:
Cheibriados
Dithmenos
Elyvilon
Fedhas
Gozag
Hepliaklqana
Kikubaaqudgha
Makhleb
Nemelex Xobeh
Okawaru
Qazlal
Ru
Sif Muna
Trog
Uskayaw
Vehumet
Wu Jian
Xom
Yredelemnul
Zin
The Shining One
Beogh
Jiyva
Lugonu

Shops:
D =?(=

Annotations:
D Frederick, Mennas, Nergalle


Innate Abilities, Weirdness & Mutations

Your experience applies equally to all skills.
You have very sharp teeth.
Your uncanny sense of smell can sniff out nearby items.


Message History

* * * LOW HITPOINT WARNING * * *
Mennas misses you.
Unknown command.
Mennas blocks your attack.
Your bite misses Mennas.
Mennas is moderately wounded.
Unknown command.
You bump into the unnaturally hard rock wall.
You are no longer berserk.
You are exhausted.
You feel yourself slow down. Mennas gestures at you.
Mennas hits you with an eudemon blade of holy wrath!!
* * * LOW HITPOINT WARNING * * *
Mennas hits you but does no damage.
Unknown command.
You're too confused!
You feel better.
Mennas disappears!
The spellforged servitor points at you and mumbles some strange words.
The bolt of cold hits you!
You die...

∆ ∆∆∆∆∆∆ ∆∆∆∆∆∆ ∆∆∆∆∆∆ ∆∆∆∆∆∆
▓▓▓▓▓▓▓▓▓▓▓▓▓▓▓▓▓▓▓▓▓▓▓▓
...............8@§......
▓▓▓▓▓▓▓▓▓▓▓▓▓▓▓▓▓▓▓▓▓▓▓▓▓▓▓▓▓▓▓▓▓
...........(...(()(...(.)........
▓▓▓▓▓▓▓▓▓▓▓▓▓▓▓▓▓▓▓▓▓▓▓▓▓▓▓▓▓▓▓▓▓
...........................).....
▓▓▓▓▓▓▓▓▓▓▓▓▓▓▓▓▓▓▓▓♣♣♣♣♣♣♣♣♣♣▓▓▓
.........'.).)))().'.........'..)
▓▓▓▓▓▓▓▓▓▓▓▓▓▓▓▓▓▓▓▓♣♣♣♣♣♣♣♣♣♣▓▓▓
.................................


You could see a spellforged servitor.

Vanquished Creatures
  Rupert (D)
  A sphinx (D)
  Donald (D)
  2 tengu reavers (D)
  2 frost giants (D)
  An ironheart preserver (D)
  A very ugly thing (D)
  An entropy weaver (D)
  A spark wasp (D)
  2 ettins (D)
  A merfolk impaler (D)
  2 great orbs of eyes (D)
  Josephine (D)
  A yaktaur captain (D)
  Harold (D)
  3 naga warriors (D)
  An ice dragon (D)
  5 hydras (D)
  A rakshasa (D)
  An ogre mage (D)
  2 anacondas (D)
  A two-headed ogre (D)
  2 centaur warriors (D)
  An alligator (D)
  3 tengu warriors (D)
  Urug (D)
  4 orc high priests (D)
  A naga sharpshooter (D)
  A vampire mage (D)
  An unseen horror (D)
  A shambling mangrove (D)
  A deep elf archer (D)
  A harpy (D)
  8 orc knights (D)
  A necromancer (D)
  3 ironbrand convokers (D)
  2 lindwurms (D)
  2 deep elf magi (D)
  An ugly thing (D)
  3 wolf spiders (D)
  2 orb spiders (D)
  2 manticores (D)
  A cyclops (D)
  A water nymph (D)
  2 black mambas (D)
  An elephant (D)
  3 vault sentinels (D)
  A naga mage (D)
  Psyche (D)
  A spiny frog (shapeshifter) (D)
  2 spiny frogs (D)
  A yaktaur (D)
  2 tengu conjurers (D)
  A meliai (D)
  A meliai (shapeshifter) (D)
  4 tyrant leeches (D)
  A slime creature (D)
  4 hornets (D)
  A wind drake (shapeshifter) (D)
  2 merfolk (D)
  2 hippogriffs (D)
  A yak (D)
  2 redbacks (D)
  2 wraiths (D)
  A wyvern (D)
  A basilisk (D)
  2 vampire mosquitoes (D)
  A hungry ghost (D)
  A naga (D)
  A water moccasin (D)
  A porcupine (D)
  9 orc warriors (D)
  An ice beast (D)
  A centaur (D)
  2 boggarts (D)
  4 crocodiles (D)
  4 bullfrogs (D)
  A wight (D)
  A quasit (D)
  3 orc priests (D)
  An orc wizard (D)
  An adder (D)
  An adder zombie (D)
  A worm (D)
  2 leopard geckos (D)
  9 orcs (D)
  A bat skeleton (D)
  A giant cockroach (D)
  A kobold (D)
  A frilled lizard (D)
  A leopard gecko zombie (D)
  A rat (D)
166 creatures vanquished.

Vanquished Creatures (others)
  2 yaktaur captains (D)
  An orc knight (D)
  A porcupine (D)
  An orc warrior (D)
5 creatures vanquished.

Grand Total: 171 creatures vanquished

Notes
Turn   | Place    | Note
-------+----------+-------------------------------------------
     0 | D        | removed the Gnoll Enchanter began the quest for the Orb.
     0 | D        | Reached XP level 1. HP: 13/13 MP: 6/6
     7 | D        | Reached skill level 5 in Spellcasting
    15 | D        | Reached skill level 1 in Invocations
    27 | D        | Reached skill level 1 in Fighting
    27 | D        | Reached skill level 1 in Long Blades
    27 | D        | Reached skill level 1 in Axes
    27 | D        | Reached skill level 1 in Maces & Flails
    27 | D        | Reached skill level 1 in Polearms
    27 | D        | Reached skill level 1 in Staves
    27 | D        | Reached skill level 1 in Slings
    27 | D        | Reached skill level 1 in Bows
    27 | D        | Reached skill level 1 in Crossbows
    27 | D        | Reached skill level 1 in Throwing
    27 | D        | Reached skill level 1 in Armour
    27 | D        | Reached skill level 1 in Shields
    27 | D        | Reached skill level 1 in Unarmed Combat
    27 | D        | Reached skill level 1 in Evocations
   243 | D        | Reached XP level 2. HP: 21/21 MP: 8/8
   247 | D        | Reached skill level 1 in Conjurations
   247 | D        | Reached skill level 1 in Charms
   247 | D        | Reached skill level 1 in Summonings
   247 | D        | Reached skill level 1 in Necromancy
   247 | D        | Reached skill level 1 in Translocations
   247 | D        | Reached skill level 1 in Transmutations
   247 | D        | Reached skill level 1 in Fire Magic
   247 | D        | Reached skill level 1 in Ice Magic
   247 | D        | Reached skill level 1 in Air Magic
   247 | D        | Reached skill level 1 in Earth Magic
   247 | D        | Reached skill level 1 in Poison Magic
   262 | D        | Reached XP level 3. HP: 19/27 MP: 7/9
   269 | D        | Learned a level 2 spell: Ensorcelled Hibernation
   273 | D        | Learned a level 3 spell: Confuse
   277 | D        | Learned a level 3 spell: Tukima's Dance
   281 | D        | Learned a level 3 spell: Dazzling Spray
   346 | D        | Found a roughly hewn altar of Beogh.
   346 | D        | Found a snail-covered altar of Cheibriados.
   346 | D        | Found a shadowy altar of Dithmenos.
   346 | D        | Found a white marble altar of Elyvilon.
   346 | D        | Found a blossoming altar of Fedhas.
   346 | D        | Found an opulent altar of Gozag.
   347 | D        | Found a hazy altar of Hepliaklqana.
   348 | D        | Found a viscous altar of Jiyva.
   349 | D        | Found an ancient bone altar of Kikubaaqudgha.
   350 | D        | Found a corrupted altar of Lugonu.
   351 | D        | Found a burning altar of Makhleb.
   352 | D        | Found a sparkling altar of Nemelex Xobeh.
   353 | D        | Found an iron altar of Okawaru.
   354 | D        | Found a stormy altar of Qazlal.
   355 | D        | Found a sacrificial altar of Ru.
   356 | D        | Found a deep blue altar of Sif Muna.
   357 | D        | Found a bloodstained altar of Trog.
   358 | D        | Found a hide-covered altar of Uskayaw.
   359 | D        | Found a radiant altar of Vehumet.
   360 | D        | Found an ornate altar of the Wu Jian Council.
   361 | D        | Found a shimmering altar of Xom.
   362 | D        | Found a basalt altar of Yredelemnul.
   363 | D        | Found a glowing silver altar of Zin.
   364 | D        | Found a glowing golden altar of the Shining One.
   366 | D        | Became a worshipper of Uskayaw the Reveler
   426 | D        | Noticed a hungry ghost
   426 | D        | Noticed an ice beast
   426 | D        | Noticed a two-headed ogre
   428 | D        | Reached skill level 5 in Dodging
   428 | D        | Reached skill level 2 in Invocations
   428 | D        | Reached * piety under Uskayaw
   430 | D        | Reached XP level 4. HP: 25/33 MP: 9/11
   430 | D        | Reached ** piety under Uskayaw
   431 | D        | Killed an ice beast
   431 | D        | Reached skill level 3 in Invocations
   431 | D        | Reached XP level 5. HP: 31/41 MP: 9/13
   431 | D        | Reached *** piety under Uskayaw
   436 | D        | Killed an unseen horror
   436 | D        | Reached skill level 5 in Fighting
   436 | D        | Reached skill level 5 in Long Blades
   436 | D        | Reached skill level 5 in Axes
   436 | D        | Reached skill level 5 in Maces & Flails
   436 | D        | Reached skill level 5 in Polearms
   436 | D        | Reached skill level 5 in Staves
   436 | D        | Reached skill level 5 in Slings
   436 | D        | Reached skill level 5 in Bows
   436 | D        | Reached skill level 5 in Crossbows
   436 | D        | Reached skill level 5 in Throwing
   436 | D        | Reached skill level 5 in Armour
   436 | D        | Reached skill level 5 in Shields
   436 | D        | Reached skill level 5 in Unarmed Combat
   436 | D        | Reached skill level 6 in Invocations
   436 | D        | Reached skill level 5 in Evocations
   436 | D        | Reached XP level 6. HP: 31/51 MP: 10/16
   436 | D        | Reached XP level 7. HP: 34/56 MP: 11/18
   436 | D        | Reached **** piety under Uskayaw
   438 | D        | Killed a two-headed ogre
   438 | D        | Reached skill level 5 in Conjurations
   438 | D        | Reached skill level 5 in Charms
   438 | D        | Reached skill level 5 in Summonings
   438 | D        | Reached skill level 5 in Necromancy
   438 | D        | Reached skill level 5 in Translocations
   438 | D        | Reached skill level 5 in Transmutations
   438 | D        | Reached skill level 5 in Fire Magic
   438 | D        | Reached skill level 5 in Ice Magic
   438 | D        | Reached skill level 5 in Air Magic
   438 | D        | Reached skill level 5 in Earth Magic
   438 | D        | Reached skill level 5 in Poison Magic
   438 | D        | Reached skill level 7 in Invocations
   438 | D        | Reached XP level 8. HP: 40/65 MP: 7/20
   543 | D        | Noticed a cyclops
   543 | D        | Noticed a wyvern
   543 | D        | Noticed a deep elf mage
   543 | D        | Noticed a yak
   545 | D        | Killed a yak
   550 | D        | Killed a deep elf mage
   550 | D        | Reached skill level 8 in Invocations
   550 | D        | Reached XP level 9. HP: 48/72 MP: 15/21
   556 | D        | Reached ***** piety under Uskayaw
   559 | D        | Killed a cyclops
   780 | D        | Got the +6 scythe "Agais" {venom, rElec rC- Dex+9}
   795 | D        | Noticed a black mamba
   795 | D        | Noticed a spiny frog
   797 | D        | Killed a spiny frog
   797 | D        | Reached skill level 10 in Stealth
   798 | D        | Noticed a spiny frog
   801 | D        | Killed a black mamba
   801 | D        | Reached skill level 9 in Invocations
   801 | D        | Reached XP level 10. HP: 75/80 MP: 20/23
   803 | D        | Noticed a five-headed hydra
   815 | D        | Killed a spiny frog
   815 | D        | Reached ****** piety under Uskayaw
   816 | D        | Killed a five-headed hydra
   816 | D        | Reached skill level 10 in Spellcasting
   923 | D        | Noticed an elephant
   923 | D        | Noticed a five-headed hydra
   925 | D        | Reached skill level 10 in Dodging
   950 | D        | Killed an elephant
   956 | D        | Killed a five-headed hydra
   956 | D        | Reached skill level 10 in Invocations
  1082 | D        | Noticed a lindwurm
  1093 | D        | Reached XP level 11. HP: 85/89 MP: 17/25
  1095 | D        | Noticed a lindwurm
  1102 | D        | Killed a lindwurm
  1102 | D        | Reached skill level 10 in Short Blades
  1106 | D        | Killed a lindwurm
  1271 | D        | Noticed Psyche
  1279 | D        | Killed Psyche
  1293 | D        | Noticed Urug
  1345 | D        | Noticed an orc knight
  1360 | D        | Reached skill level 10 in Hexes
  1370 | D        | Killed an orc knight
  1370 | D        | Reached skill level 10 in Fighting
  1370 | D        | Reached skill level 10 in Long Blades
  1370 | D        | Reached skill level 10 in Axes
  1370 | D        | Reached skill level 10 in Maces & Flails
  1370 | D        | Reached skill level 10 in Polearms
  1370 | D        | Reached skill level 10 in Staves
  1370 | D        | Reached skill level 10 in Slings
  1370 | D        | Reached skill level 10 in Bows
  1370 | D        | Reached skill level 10 in Crossbows
  1370 | D        | Reached skill level 10 in Throwing
  1370 | D        | Reached skill level 10 in Armour
  1370 | D        | Reached skill level 10 in Shields
  1370 | D        | Reached skill level 10 in Unarmed Combat
  1370 | D        | Reached skill level 10 in Evocations
  1521 | D        | Reached skill level 11 in Invocations
  1737 | D        | Found Lurghuax's Jewellery Boutique.
  1737 | D        | Noticed an orc knight
  1737 | D        | Noticed an orc knight
  1737 | D        | Noticed an orc knight
  1737 | D        | Noticed an orc high priest
  1737 | D        | Noticed an orc knight
  1989 | D        | Banished an orc knight
  2071 | D        | Killed an orc high priest
  2080 | D        | Killed an orc knight
  2119 | D        | Noticed an orc high priest
  2193 | D        | Killed an orc knight
  2196 | D        | Killed an orc knight
  2212 | D        | Noticed an orc knight
  2215 | D        | Noticed a sun demon
  2218 | D        | Killed an orc high priest
  2222 | D        | Noticed an orc knight
  2222 | D        | Found Awad's Antique Weapon Shop.
  2224 | D        | Found Ziyda's Magic Scroll Boutique.
  2226 | D        | Found Zinawifa's Jewellery Shop.
  2230 | D        | Noticed an orc high priest
  2232 | D        | Killed an orc knight
  2233 | D        | Noticed an orc knight
  2234 | D        | Noticed an orc knight
  2238 | D        | Noticed an orc high priest
  2242 | D        | Noticed a sun demon
  2242 | D        | Noticed a sixfirhy
  2594 | D        | Killed an orc knight
  2602 | D        | Killed an orc high priest
  2602 | D        | Reached XP level 12. HP: 99/99 MP: 23/27
  2676 | D        | Killed an orc high priest
  2802 | D        | Bought a +4 ring of slaying for 858 gold pieces
  2802 | D        | Bought a +5 ring of evasion for 605 gold pieces
  2830 | D        | Noticed Harold
  2842 | D        | Killed Harold
  2842 | D        | Reached skill level 12 in Invocations
  2875 | D        | Noticed Josephine
  2899 | D        | Killed Josephine
  3062 | D        | Noticed an ogre mage
  3063 | D        | Noticed a centaur warrior
  3073 | D        | Killed an ogre mage
  3075 | D        | Noticed a tengu warrior
  3078 | D        | Noticed a deep troll shaman
  3082 | D        | Killed a centaur warrior
  3087 | D        | Noticed a great orb of eyes
  3090 | D        | Noticed a frost giant
  3094 | D        | Reached skill level 10 in Conjurations
  3094 | D        | Reached skill level 10 in Charms
  3094 | D        | Reached skill level 10 in Summonings
  3094 | D        | Reached skill level 10 in Necromancy
  3094 | D        | Reached skill level 10 in Translocations
  3094 | D        | Reached skill level 10 in Transmutations
  3094 | D        | Reached skill level 10 in Fire Magic
  3094 | D        | Reached skill level 10 in Ice Magic
  3094 | D        | Reached skill level 10 in Air Magic
  3094 | D        | Reached skill level 10 in Earth Magic
  3094 | D        | Reached skill level 10 in Poison Magic
  3097 | D        | Killed a tengu warrior
  3104 | D        | Killed a great orb of eyes
  3105 | D        | Killed a frost giant
  3312 | D        | Noticed Nergalle
  3384 | D        | Reached skill level 13 in Invocations
  3392 | D        | Noticed a merfolk impaler
  3408 | D        | Reached XP level 13. HP: 50/108 MP: 24/29
  3412 | D        | Killed a merfolk impaler
  3849 | D        | Reached skill level 14 in Invocations
  4170 | D        | Noticed a spark wasp
  4196 | D        | Killed a spark wasp
  4227 | D        | Killed Urug
  4259 | D        | Noticed Rupert
  4259 | D        | Noticed Donald
  4273 | D        | Killed Donald
  4273 | D        | Reached XP level 14. HP: 117/118 MP: 32/32
  4277 | D        | Killed Rupert
  4488 | D        | Noticed a tengu reaver
  4493 | D        | Noticed a cyan very ugly thing
  4494 | D        | Noticed a frost giant
  4512 | D        | Killed a tengu reaver
  4512 | D        | Reached skill level 15 in Invocations
  4519 | D        | Killed a frost giant
  4519 | D        | Reached skill level 15 in Stealth
  4523 | D        | Killed a cyan very ugly thing
  4533 | D        | Noticed a tengu reaver
  4908 | D        | Bought an uncursed amulet of magic regeneration for 300 gold pieces
  5290 | D        | Killed a tengu reaver
  5290 | D        | Reached skill level 15 in Spellcasting
  5298 | D        | Reached skill level 15 in Dodging
  5465 | D        | Noticed an entropy weaver
  5541 | D        | Noticed a sphinx
  5551 | D        | Killed an entropy weaver
  5573 | D        | Killed a sphinx
  5573 | D        | Reached skill level 15 in Short Blades
  5573 | D        | Reached skill level 16 in Invocations
  5574 | D        | Noticed an ironheart preserver
  5589 | D        | Killed an ironheart preserver
  5589 | D        | Reached skill level 15 in Fighting
  5589 | D        | Reached skill level 15 in Long Blades
  5589 | D        | Reached skill level 15 in Axes
  5589 | D        | Reached skill level 15 in Maces & Flails
  5589 | D        | Reached skill level 15 in Polearms
  5589 | D        | Reached skill level 15 in Staves
  5589 | D        | Reached skill level 15 in Slings
  5589 | D        | Reached skill level 15 in Bows
  5589 | D        | Reached skill level 15 in Crossbows
  5589 | D        | Reached skill level 15 in Throwing
  5589 | D        | Reached skill level 15 in Armour
  5589 | D        | Reached skill level 15 in Shields
  5589 | D        | Reached skill level 15 in Unarmed Combat
  5589 | D        | Reached skill level 15 in Evocations
  5589 | D        | Reached XP level 15. HP: 61/129 MP: 26/34
  5873 | D        | Noticed Frederick
  5909 | D        | Noticed Mennas
  5936 | D        | Killed from afar by a spellforged servitor

Vault maps used:
D:        linesprint

Skill      XL: |  1  2  3  4  5  6  7  8  9 10 11 12 13 14 |
---------------+-------------------------------------------+-----
Spellcasting   | 5 6 7 8 9 10 11 12 14 15 | 15.6
Stealth        | 6 8 9 10 11 12 13 14 15 | 15.9
Invocations    | 1 2 3 6 7 8 9 10 11 13 14 16 | 16.1
Fighting       | 1 2 3 5 6 7 8 9 10 12 13 15 | 15.0
Long Blades    | 1 2 3 5 6 7 8 9 10 12 13 15 | 15.0
Axes           | 1 2 3 5 6 7 8 9 10 12 13 15 | 15.0
Maces & Flails | 1 2 3 5 6 7 8 9 10 12 13 15 | 15.0
Polearms       | 1 2 3 5 6 7 8 9 10 12 13 15 | 15.0
Staves         | 1 2 3 5 6 7 8 9 10 12 13 15 | 15.0
Slings         | 1 2 3 5 6 7 8 9 10 12 13 15 | 15.0
Bows           | 1 2 3 5 6 7 8 9 10 12 13 15 | 15.0
Crossbows      | 1 2 3 5 6 7 8 9 10 12 13 15 | 15.0
Throwing       | 1 2 3 5 6 7 8 9 10 12 13 15 | 15.0
Armour         | 1 2 3 5 6 7 8 9 10 12 13 15 | 15.0
Shields        | 1 2 3 5 6 7 8 9 10 12 13 15 | 15.0
Unarmed Combat | 1 2 3 5 6 7 8 9 10 12 13 15 | 15.0
Evocations     | 1 2 3 5 6 7 8 9 10 12 13 15 | 15.0
Short Blades   | 3 4 6 7 8 9 11 12 13 15 | 15.2
Conjurations   | 1 2 4 5 6 7 9 10 11 12 | 12.9
Charms         | 1 2 4 5 6 7 9 10 11 12 | 12.9
Summonings     | 1 2 4 5 6 7 9 10 11 12 | 12.9
Necromancy     | 1 2 4 5 6 7 9 10 11 12 | 12.9
Translocations | 1 2 4 5 6 7 9 10 11 12 | 12.9
Transmutations | 1 2 4 5 6 7 9 10 11 12 | 12.9
Fire Magic     | 1 2 4 5 6 7 9 10 11 12 | 12.9
Ice Magic      | 1 2 4 5 6 7 9 10 11 12 | 12.9
Air Magic      | 1 2 4 5 6 7 9 10 11 12 | 12.9
Earth Magic    | 1 2 4 5 6 7 9 10 11 12 | 12.9
Poison Magic   | 1 2 4 5 6 7 9 10 11 12 | 12.9
Dodging        | 5 7 8 9 10 11 12 14 15 | 15.5
Hexes          | 6 7 8 9 10 11 12 13 | 13.8

Action                   |  1- 3 |  4- 6 |  7- 9 | 10-12 | 13-15 || total
-------------------------+-------+-------+-------+-------+-------++-------
Melee: Dagger            |    39 |       |       |       |       ||    39
       Bite              |     7 |     1 |     1 |    31 |    28 ||    68
       Rapier            |       |     4 |    12 |       |       ||    16
       Short sword       |       |       |     3 |   219 |   261 ||   483
       Punch             |       |       |       |    14 |     4 ||    18
 Cast: Corona            |     1 |       |       |       |       ||     1
       Confuse           |       |       |     3 |    41 |    16 ||    60
       Ensorcelled Hiber |       |       |     2 |    44 |     5 ||    51
       Tukima's Dance    |       |       |       |     1 |       ||     1
Invok: Line Pass         |       |       |     1 |       |     1 ||     2
       Stomp             |       |       |     2 |       |       ||     2
       Grand Finale      |       |       |     1 |     2 |     2 ||     5
Evoke: Wand              |     1 |     2 |     1 |       |     4 ||     8
  Use: Scroll            |       |       |     2 |     9 |     2 ||    13
       Potion            |       |       |       |       |     7 ||     7
 Stab: Sleeping          |     5 |       |     4 |    22 |     5 ||    36
       Confused          |       |       |     3 |    18 |    10 ||    31
       Paralysed         |       |       |     2 |    14 |    17 ||    33
       Invisible         |       |       |       |       |     9 ||     9
       Distracted        |       |       |       |       |     1 ||     1
  Eat: Chunk             |       |       |     2 |     6 |     5 ||    13
       Ration            |       |       |       |     1 |     2 ||     3
Armor: Robe              |     4 |       |       |       |       ||     4
       Ring mail         |     2 |     7 |     2 |    23 |       ||    34
       Acid dragon scale |       |       |       |    12 |    45 ||    57
Dodge: Dodged            |    14 |     1 |     9 |   105 |   166 ||   295
Block: Shield            |       |       |       |       |    51 ||    51
       Reflection        |       |       |       |       |     4 ||     4

Table legend:
 A = Spawn XP
 B = Non-spawn XP
 C = Spawn XP percentage of total XP
 D = Spawn monster count
 E = Non-spawn monster count
 F = Spawn count percentage of total count
 G = Total turns spent on level
                    A         B        C        D         E        F      G
               +---------+---------+-------+---------+---------+-------+---------
         Total |       0 |   86821 |   0.0 |       0 |     172 |   0.0 |  5936
               +---------+---------+-------+---------+---------+-------+---------
             D |       0 |   86821 |   0.0 |       0 |     172 |   0.0 |  5936
               +---------+---------+-------+---------+---------+-------+---------
